 Dungeon Crawl Stone Soup version 0.31-a0-1370-gf52a5a9ab3 (webtiles) character file.

Game seed: 7624656017352647067

6160 Sabo the Cleaver (level 10, -1/113 HPs)
             Began as an Oni Monk on Dec 23, 2023.
             Was a Follower of Ashenzari.
             Killed from afar by an electric eel (7 damage)
             ... with a bolt of electricity
             ... on level 9 of the Dungeon.
             The game lasted 00:49:16 (9764 turns).

Sabo the Cleaver (Oni Monk)                         Turns: 9764, Time: 00:49:17

Health: -1/113     AC:  9    Str: 23    XL:     10   Next: 90%
Magic:  10/10      EV: 12    Int: 15    God:    Ashenzari [*.....]
Gold:   501        SH:  0    Dex: 11    Spells: 8/9 levels left

rFire   . . .        a - +6 war axe (freeze)
rCold   . . .        d - orb of Ashenzari's Vision {light, Comp, Elem} (curse)
rNeg    . . .        O - +1 robe {Will+}
rPois   .            (helmet restricted)
rElec   .            b - +0 cloak
rCorr   .            (gloves unavailable)
SInv    .            (boots unavailable)
Will    ++...        (no amulet)
Stlth   +            h - ring of the Tethered Gloom {Str+6, Bglg, Dev} (curse)
HPRegen 0.38/turn    x - +4 ring of protection
MPRegen 0.12/turn

%: no passive effects
@: glowing
A: large, unfitting armour, horns 1, tough skin 1, double potion healing,
drunken brawling
a: Renounce Religion, Curse Item, Shatter the Chains


You were on level 9 of the Dungeon.
You worshipped Ashenzari.
Ashenzari was aware of your devotion.
You visited 2 branches of the dungeon, and saw 10 of its levels.
You also visited: Sewer.

You collected 501 gold pieces.

Inventory:

Hand Weapons
 a - a +6 war axe of freezing (weapon)
 m - a +0 orcbow of draining
 L - a +5 hand axe
 M - a +4 war axe
Missiles
 u - 4 javelins (quivered)
 w - 14 poisoned darts
Armour
 b - a +0 cloak (worn)
 d - the cursed orb of Ashenzari's Vision (worn) {light, Comp, Elem}

   It has a curse which improves the following skills: Companions: Summonings
   and Necromancy.
   Elements:  Fire Magic, Ice Magic, Air Magic and Earth Magic.
 N - a +0 robe of cold resistance
 O - a +1 robe of willpower (worn)
Jewellery
 e - a ring of protection from cold
 h - the cursed ring of the Tethered Gloom (left hand) {Str+6, Bglg, Dev}
   (You found it on level 1 of the Dungeon)

   [ring of strength]

   Str+6:     It affects your strength (+6).
   It has a curse which improves the following skills: Beguiling: Hexes and
   Translocations.
   Devices:   Evocations and Shapeshifting.
 v - a +4 ring of protection
 x - a +4 ring of protection (right hand)
 z - the ring "Jaseah" {Fire rPois Int+4 Dex+5}
   (You found it on level 5 of the Dungeon)

   [ring of fire]

   Fire:      It enhances your fire magic.
   Int+4:     It affects your intelligence (+4).
   Dex+5:     It affects your dexterity (+5).
   rF+:       It protects you from fire.
   rC-:       It makes you vulnerable to cold.
   rPois:     It protects you from poison
 D - a ring of protection from fire
 E - a ring of positive energy
 H - a ring of willpower
Wands
 g - a wand of paralysis (25)
 t - a wand of mindburst (3)
Scrolls
 f - 6 scrolls of teleportation
 j - a scroll of fog
 k - 7 scrolls of blinking
 p - a scroll of revelation
 q - 3 scrolls of poison
 r - 3 scrolls of fear
 K - a scroll of silence
Potions
 c - a potion of ambrosia
 i - a potion of heal wounds
 l - 2 potions of resistance
 n - 2 potions of berserk rage
 o - a potion of magic
 s - a potion of haste
 A - a potion of mutation
 B - a potion of might
 F - 2 potions of brilliance
 I - a potion of enlightenment
 J - a potion of invisibility
Miscellaneous
 C - a phial of floods


   Skills:
 + Level 11.0 Fighting
 + Level 12.1 Axes
 + Level 7.1 Dodging
 + Level 2.3 Stealth


You had 8 spell levels left.
You knew the following spells:

 Your Spells              Type           Power      Damage    Failure   Level
a - Sandblast             Erth           0%         2d4       26%         1

Your spell library contained the following spells:

 Spells                   Type           Power      Damage    Failure   Level
 Freeze                   Ice            0%         1d3       26%         1
 Cigotuvi's Dreadful Rot  Necr/Alch/Air  0%         N/A       38%         2
 Passwall                 Alch/Erth      0%         N/A       38%         2
 Frozen Ramparts          Ice            0%         1d1       63%         3
 Hailstorm                Conj/Ice       0%         3d5       63%         3
 Ozocubu's Armour         Ice            0%         N/A       63%         3
 Stone Arrow              Conj/Erth      0%         3d7       63%         3
 Brom's Barrelling Bould  Conj/Erth      0%         2d3       95%         4
 Dispel Undead            Necr           0%         3d6       95%         4
 Ignite Poison            Fire/Alch      0%         N/A       95%         4
 Leda's Liquefaction      Alch/Erth      0%         N/A       95%         4
 Petrify                  Alch/Erth      0%         N/A       95%         4
 Freezing Cloud           Conj/Ice/Air   0%         6-21      100%        5
 Death Channel            Necr           0%         N/A       100%        6
 Haunt                    Necr/Summ      0%         N/A       100%        7
 Borgnjor's Revivificati  Necr           0%         N/A       100%        8
 Death's Door             Necr           0%         N/A       100%        9


Dungeon Overview and Level Annotations

Branches:
Dungeon (9/15)             Temple (1/1) D:4            Lair (0/5) D:9
    Orc (0/2) D:9           Sewer (visited)

Altars:
Ashenzari
Dithmenos
Gozag
Hepliaklqana
Kikubaaqudgha
Makhleb
Nemelex Xobeh
Okawaru
Qazlal
Ru
Sif Muna
Trog
Uskayaw
Vehumet
Wu Jian
Xom
Yredelemnul
Lugonu


Innate Abilities, Weirdness & Mutations

You are too large for most types of armour.
You have a pair of small horns on your head.
You have tough skin. (AC +1)
You gain doubled healing and magic from potions.
Whenever you drink a healing potion, you attack all around you.


Message History

The electric eel shoots out a bolt of lightning at you!
The bolt of electricity hits the electric eel.
The electric eel completely resists.
The bolt of electricity misses you.
The electric eel shoots out a bolt of lightning at you!
The bolt of electricity hits you!
You slice the electric eel!! You freeze the electric eel.
You kill the electric eel!
You slash the plant! You freeze the plant.
The electric eel shoots out a bolt of lightning at you!
The bolt of electricity hits you!
The electric eel shoots out a bolt of lightning at you!
The bolt of electricity hits the plant!
The plant begins to die.
The bolt of electricity hits you!
Your Fighting skill increases to level 11!
The electric eel shoots out a bolt of lightning at you!
The bolt of electricity hits you.
A nearby plant withers and dies.
The electric eel shoots out a bolt of lightning at you!
The bolt of electricity hits you.
The electric eel shoots out a bolt of lightning at you!
The bolt of electricity misses you.
The electric eel shoots out a bolt of lightning at you!
The bolt of electricity hits you!
* * * LOW HITPOINT WARNING * * *
The electric eel shoots out a bolt of lightning at you!
The bolt of electricity hits you.
* * * LOW HITPOINT WARNING * * *
The electric eel shoots out a bolt of lightning at you!
The bolt of electricity hits you!
* * * LOW HITPOINT WARNING * * *
You barely miss the electric eel.
The electric eel shoots out a bolt of lightning at you!
The bolt of electricity hits you.
* * * LOW HITPOINT WARNING * * *
You slash the electric eel!
The electric eel seems to slow down.
You freeze the electric eel. You headbutt the electric eel.
The electric eel is almost dead.
The electric eel shoots out a bolt of lightning at you!
The bolt of electricity hits you!
You die...

~~....~~~~~♣......
~P~..~.P~~~~~####..
~~~...~~~~~~♣ #..
♣♣~~..~~~P≈~♣ #..
♣P~....~PS~P~♣####..
~~....~~~~~~~......
♣♣~~...~~≈~~~.....##
#~~S..~~~≈~~#######3
♣@..~~~~~♣ ####
#...P~P~~♣ #2#_
#...♣~~P♣♣########
#...~~~~~.......#3
#...♣~P~~.......##
#####♣P~##..####..
#♣###..# ###### #..#
##.....###..####..


You could see 2 electric eels.

Vanquished Creatures
  Maurice (D:9)
  A komodo dragon (D:9)
  A hornet (D:9)
  Prince Ribbit (D:9)
  A yak (D:9)
  A steam dragon (D:9)
  A warg (D:9)
  Edmund (D:4)
  A water moccasin (D:7)
  5 orc warriors
  A black bear (D:4)
  A sky beast (D:7)
  2 wolves (D:9)
  2 centaurs
  2 kobold brigands
  4 scorpions
  7 bullfrogs
  A wyvern zombie (D:6)
  15 wights
  13 killer bees
  4 howler monkeys
  An electric eel (D:9)
  A centaur zombie (D:6)
  A jelly (D:7)
  7 hounds
  An orc priest (D:9)
  5 iguanas
  2 sleepcaps
  12 orc wizards
  Ijyb (D:5)
  7 adders
  A river rat (D:6)
  3 shadow imps
  4 bombardier beetles
  A white imp (D:8)
  A worm (D:2)
  3 dart slugs
  30 orcs
  11 endoplasms
  16 giant cockroaches
  4 goblins
  3 hobgoblins
  2 jackals (D:2)
  12 kobolds
  14 quokkas
  8 ball pythons
  5 bats
  10 frilled lizards
  10 rats
242 creatures vanquished.

Notes
Turn   | Place    | Note
-------+----------+-------------------------------------------
     0 | D:1      | Sabo the Oni Monk began the quest for the Orb.
     0 | D:1      | Reached XP level 1. HP: 24/24 MP: 1/1
   169 | D:1      | Reached XP level 2. HP: 20/32 MP: 2/2
   586 | D:1      | Reached XP level 3. HP: 40/40 MP: 3/3
  1442 | D:2      | Reached skill level 5 in Fighting
  1445 | D:2      | Reached XP level 4. HP: 33/50 MP: 4/4
  2135 | D:3      | Reached skill level 4 in Axes
  2291 | D:3      | Reached XP level 5. HP: 55/57 MP: 5/5
  2319 | D:3      | Found a shimmering altar of Xom.
  2434 | D:3      | Found a bloodstained altar of Trog.
  2990 | D:4      | Found a stormy altar of Qazlal.
  3003 | D:4      | Noticed a black bear
  3019 | D:4      | Killed a black bear
  3020 | D:4      | Reached skill level 5 in Axes
  3020 | D:4      | Reached XP level 6. HP: 14/66 MP: 6/6
  3404 | D:4      | Found an ancient bone altar of Kikubaaqudgha.
  3883 | D:4      | Noticed Edmund
  3895 | D:4      | Killed Edmund
  3896 | D:4      | Reached XP level 7. HP: 52/74 MP: 7/7
  4010 | D:4      | Found an ornate altar of the Wu Jian Council.
  4074 | D:4      | Found a staircase to the Ecumenical Temple.
  4094 | Temple   | Entered the Ecumenical Temple
  4114 | Temple   | Became a worshipper of Ashenzari the Shackled
  4207 | D:4      | Reached * piety under Ashenzari
  4225 | D:4      | Found a sacrificial altar of Ru.
  4401 | D:5      | Entered Level 5 of the Dungeon
  4414 | D:5      | Noticed Ijyb
  4415 | D:5      | Paralysed by Ijyb for 2 turns
  4419 | D:5      | Paralysed by Ijyb for 5 turns
  4429 | D:5      | Killed Ijyb
  4430 | D:5      | Reached skill level 6 in Axes
  4655 | D:5      | Identified the ring "Jaseah" {Fire rPois Int+4 Dex+5}
  4699 | D:5      | Learned a level 1 spell: Sandblast
  4806 | D:5      | Reached skill level 1 in Stealth
  5056 | D:6      | Found a glowing drain.
  5072 | Sewer    | Entered a sewer
  5373 | D:6      | Reached skill level 7 in Axes
  5373 | D:6      | Reached XP level 8. HP: 83/84 MP: 8/8
  5517 | D:6      | Found a basalt altar of Yredelemnul.
  5628 | D:6      | Reached skill level 5 in Dodging
  5792 | D:6      | Reached skill level 8 in Axes
  6923 | D:7      | Reached XP level 9. HP: 90/93 MP: 9/9
  6943 | D:7      | Reached skill level 9 in Axes
  7077 | D:7      | Identified Sif Muna's Vellum of Shivering Degeneration
  8338 | D:8      | Reached skill level 10 in Axes
  8373 | D:8      | Reached XP level 10. HP: 72/107 MP: 10/10
  8805 | D:9      | Noticed Prince Ribbit
  8812 | D:9      | Killed Prince Ribbit
  8813 | D:9      | Reached skill level 10 in Fighting
  8854 | D:9      | Reached skill level 11 in Axes
  8886 | D:9      | Noticed Maurice
  8911 | D:9      | Maurice stole a ring of positive energy
  8927 | D:9      | Killed Maurice
  9001 | D:9      | Found a burning altar of Makhleb.
  9001 | D:9      | Noticed a balrug
  9005 | D:9      | Noticed a smoke demon
  9272 | D:9      | Found a staircase to the Lair.
  9468 | D:9      | Found a staircase to the Orcish Mines.
  9475 | D:9      | Reached skill level 12 in Axes
  9706 | D:9      | Found a shimmering blue altar of Sif Muna.
  9763 | D:9      | HP: 5/113 [electric eel/bolt of electricity (6)]
  9764 | D:9      | Killed from afar by an electric eel

Illustrated notes

Levels and vault maps discovered:
D:1:      psy_arrival_conway, layout_loops_ring, minivault_26
D:2:      layout_basic
D:3:      layout_loops_cross, lemuel_coloured_pillars_altar,
          mainiacjoe_overflow_catwalk, roderic_nine_men_s_morris
D:4:      layout_basic, nicolae_qazlal_scattered_showers,
          nicolae_wu_jian_immortal_techniques, lemuel_doored_altar,
          nicolae_ru_path_of_blood, minmay_temple_entry_purple_smoke,
          uniq_edmund
D:5:      layout_rooms, uniq_ijyb
D:6:      layout_loops_cross, lemuel_zombie_altar_yredelemnul,
          portal_sewer_entry_a, kennysheep_pointless_box,
          kennysheep_generic_room_9
D:7:      layout_rooms, minmay_quadrilaterals
D:8:      layout_cave_pools, minivault_4
D:9:      layout_small_grid, nicolae_sif_muna_condensation,
          nicolae_overflow_hidden_temple, makhleb_altar_promises_db,
          david_lair_shrubbed, minmay_orc_entry_guard_dogs, serial_shops, shop,
          serial_bayou, serial_bayou_pond_e, serial_bayou_lagoon_a,
          serial_bayou_pond_c, serial_bayou_ford_a, minmay_fractal_squares_5,
          uniq_maurice, uniq_prince_ribbit1
Temple:   corrupted_temple

Skill      XL: |  1  2  3  4  5  6  7  8  9 10 |
---------------+-------------------------------+-----
Dodging        | 3 4 5 6 7 |  7.1
Fighting       | 5 6 7 9 11 | 11.0
Axes           | 4 5 7 8 10 12 | 12.1
Stealth        | 1 2 |  2.3

Action                     |  1- 3 |  4- 6 |  7- 9 | 10-12 || total
---------------------------+-------+-------+-------+-------++-------
  Melee: Hand axe          |    72 |    89 |       |       ||   161
         Headbutt          |    19 |    32 |    71 |    28 ||   150
         War axe           |       |    25 |   278 |    89 ||   392
 Invoke: Curse Item        |       |       |     2 |       ||     2
    Use: Scroll            |     1 |     3 |     4 |       ||     8
         Potion            |       |       |     1 |     1 ||     2
 Armour: Robe              |    49 |    70 |   255 |    80 ||   454
  Dodge: Dodged            |    34 |    81 |   185 |    57 ||   357

Table legend: (Time is in decaauts)
 A = Elapsed time spent in this place.
 B = Non-inter-level travel time spent in this place.
 C = Inter-level travel time spent in this place.
 D = Time resting spent in this place.
 E = Time spent auto-exploring this place.
 F = Levels seen in this place.
 G = Mean time per level.
                   A        B        C        D        E       F      G
               +--------+--------+--------+--------+--------+-----+--------+
         Total |   9808 |   9808 |      0 |   2519 |      0 |  11 |  891.6 |
       Dungeon |   9494 |   9494 |      0 |   2492 |      0 |   9 | 1054.9 |
        Temple |     41 |     41 |      0 |      0 |      0 |   1 |   41.0 |
         Sewer |    272 |    272 |      0 |     27 |      0 |   1 |  272.0 |
               +--------+--------+--------+--------+--------+-----+--------+

Top non-repeatable levels by time:
     D:4: 1412 daAuts
     D:6: 1312 daAuts
     D:1: 1148 daAuts
     D:8: 1111 daAuts
     D:7: 1079 daAuts
     D:9: 974 daAuts
     D:3: 956 daAuts
     D:2: 865 daAuts
     D:5: 634 daAuts
   Sewer: 272 daAuts
  Temple: 41 daAuts
